AoeStats
← Silicio14Si

Arabia

507613129Analyzed
4v4 RM · 15d ago on Sep 19, 2026· 32m 1s· 8 players
Game mode
Random Map
Map size
Large (8 player)
Population
200
Speed
Normal
Resources
Standard
Victory
Conquest
Starting age
Dark Age
Ending age
Imperial Age
RankedLock teamsTeams togetherTeam positionsShared explorationLock speedFull tech treeHidden civsTurbo modeCheats
Victory
Defeat
🇺🇦 Japanese · Ukraine
998
+13
🇱🇻 Britons · Latvia
956
+14
🇺🇸 Goths · United States
949
+15
🇹🇷 Vikings · Türkiye
947
+15
🇲🇽 Sicilians · Mexico
947
-15
🇦🇷 Khitans · Argentina
916
-14
🇲🇽 Spanish · Mexico
915
-14
🇨🇳 Spanish · China
914
-14
lx T DUB xl
0:35 Loom
12:46 Feudal Age
14:02 Double-Bit Axe
14:00 Horse Collar
16:04 Gold Mining
20:36 Wheelbarrow
22:02 Castle Age
20:25 Stone Mining
24:53 Bow Saw
24:46 Heavy Plow
25:36 Stone Shaft Mining
25:08 Scale Mail Armor
25:18 Forging
27:46 Hand Cart
29:02 Fervor
29:37 Chain Mail Armor
29:57 Iron Casting
33:56 Imperial Age
32:08 Anarchy
c190
0:29 Loom
11:54 Feudal Age
19:48 Castle Age
21:35 Padded Archer Armor
21:26 Fletching
22:28 Crossbowman
23:25 Double-Bit Axe
23:42 Bodkin Arrow
Andrxuv
13:43 Feudal Age
14:17 Double-Bit Axe
19:33 Castle Age
17:57 Loom
18:33 Horse Collar
20:24 Bow Saw
24:21 Squires
24:06 Arson
28:41 Scale Mail Armor
28:52 Forging
SongForBob
8:35 Loom
11:57 Feudal Age
Silicio14Si
5:32 Loom
12:50 Feudal Age
17:21 Padded Archer Armor
20:38 Castle Age
23:15 Gold Mining
24:04 Wheelbarrow
23:28 Double-Bit Axe
23:28 Horse Collar
26:23 Leather Archer Armor
33:01 Imperial Age
30:41 Town Watch
LV Chris R7
1:34 Loom
14:12 Feudal Age
14:46 Double-Bit Axe
17:58 Horse Collar
23:24 Castle Age
21:46 Stone Mining
21:46 Gold Mining
26:23 Wheelbarrow
29:11 Forging
迂逾宇遇
12:30 Feudal Age
16:57 Castle Age
14:44 Double-Bit Axe
16:04 Horse Collar
18:48 Wheelbarrow
18:17 Loom
24:12 Bow Saw
Ultra cogolloo
1:26 Loom
11:45 Feudal Age
13:01 Wheelbarrow
12:11 Domestication
12:18 Double-Bit Axe
13:24 Gold Mining
14:07 Man-at-Arms
16:56 Forging
22:28 Castle Age
20:59 Scale Mail Armor
21:51 Arson
21:58 Fletching
23:33 Elite Skirmisher
23:41 Long Swordsman
27:12 Bodkin Arrow
29:57 Padded Archer Armor
29:48 Pikeman
Connection lost

Rejoining the realm…

Still unreachable

The connection could not be restored.

Session expired

The server has moved on; the page needs a fresh start.